 Dungeon Crawl Stone Soup version 0.30-b1-2-g02819fbbbe (webtiles) character file.

Game seed: 15124439314031604541

27567 MisterFreud the Unseen (level 13, -12/67 HPs)
             Began as a Felid Berserker on Aug 1, 2023.
             Was a High Priest of Trog.
             Mangled by a titanic slime creature (49 damage)
             ... on level 14 of the Dungeon.
             The game lasted 00:32:35 (22190 turns).

MisterFreud the Unseen (Felid Berserker)           Turns: 22190, Time: 00:32:35

Health: -12/67     AC:  7    Str: 13    XL:     13   Next: 5%
Magic:  14/14      EV: 28    Int: 10    God:    Trog [*****.]
Gold:   1682       SH:  0    Dex: 19    Spells: 12/12 levels left
                                        Lives:  0   Deaths: 4

rFire   . .          .
                       - Unarmed
rCold   + . .        (shield unavailable)
rNeg    . . .        (body armour unavailable)
rPois   +            (helmet unavailable)
rElec   .            (cloak unavailable)
rCorr   .            (gloves unavailable)
SInv    +            (boots unavailable)
Will    +....        q - amulet of faith
Stlth   ++++++++     e - +4 ring of protection
HPRegen 0.31/turn    a - ring of poison resistance
MPRegen 0.14/turn

%: faith
@: on berserk cooldown, slowed, slow
A: very small, claws 1, fangs 3, see invisible, speed 1, shaggy fur 3, stealthy
paws, no weapons or thrown items, no armour, multi-lived
a: Renounce Religion, Berserk, Trog's Hand, Brothers in Arms


You were on level 14 of the Dungeon.
You worshipped Trog.
Trog was extremely pleased with you.
You visited 2 branches of the dungeon, and saw 19 of its levels.
You also visited: Bailey and Volcano.

You collected 1682 gold pieces.

Inventory:

Jewellery
 a - a ring of poison resistance (right paw)
 b - an amulet of the acrobat
 e - a +4 ring of protection (left paw)
 o - an amulet of magic regeneration
 q - an amulet of faith (around neck)
 w - a ring of willpower
 y - the amulet of Vahe Kai {Spirit Int+7}
   (You found it on level 10 of the Dungeon)

   [amulet of guardian spirit]

   It causes incoming damage to be divided between your reserves of health and
   magic.
   Int:       It affects your intelligence (+7).
 D - a ring of flight
 F - an amulet of regeneration
 K - a ring of positive energy
 P - a ring of ice
 R - the ring "Zoic" {rF+ Will+}
   (You found it on level 5 of the Lair of Beasts)

   [ring of willpower]

   rF:        It protects you from fire.
   Will:      It increases your willpower.
Wands
 f - a wand of roots (36)
 p - a wand of light (22)
 r - a wand of paralysis (12)
 t - a wand of digging (4)
 u - a wand of flame (12)
Scrolls
 h - 4 scrolls of magic mapping
 j - 8 scrolls of teleportation
 l - a scroll of identify
 n - 3 scrolls of fog
 L - 2 scrolls of poison
 N - a scroll of immolation
 O - a scroll of silence
Potions
 c - 6 potions of haste
 d - 4 potions of flight
 g - 5 potions of attraction
 i - 10 potions of curing
 k - 2 potions of ambrosia
 s - 7 potions of might
 v - a potion of berserk rage
 x - 2 potions of magic
 z - 2 potions of resistance
 A - 2 potions of heal wounds
 B - a potion of invisibility
 C - 2 potions of brilliance
 H - a potion of mutation
 I - 2 potions of lignification
 M - a potion of cancellation
Miscellaneous
 m - a condenser vane
 E - a lightning rod (4/4)
 G - a piece from Xom's chessboard (15/15)
 J - a box of beasts


   Skills:
 + Level 14.2 Fighting
 - Level 14.0 Dodging
 - Level 20.0 Stealth
 - Level 15.0 Unarmed Combat
 - Level 10.0 Evocations


You had 12 spell levels left.
You didn't know any spells.
Your spell library was empty.

Dungeon Overview and Level Annotations

Branches:
Dungeon (14/15)            Temple (0/1) D:4            Lair (5/5) D:11
 Shoals (0/4) Lair:3       Spider (0/4) Lair:3        Slime (0/5) Lair:4
    Orc (0/2) D:10         Vaults (0/5) D:13         Bailey (visited)
Volcano (visited)

Altars:
Ashenzari
Dithmenos
Hepliaklqana
Makhleb
Nemelex Xobeh
Ru
Wu Jian
Xom
Jiyva

Shops:
D:1 :   D:6 *   D:8 :

Portals:
Hell: Lair:5
Ice
Cave: D:14

Annotations:
D:4 2 transporters
D:9 3 runed translucent doors


Innate Abilities, Weirdness & Mutations

You have sharp claws.
You have razor-sharp teeth.
You have supernaturally acute eyesight. (SInv)
You cover ground quickly. (Speed+)
Your thick and shaggy fur keeps you warm. (AC +3, rC+)
Your paws help you pounce on unaware monsters.
You are incapable of wielding weapons or throwing items.
You cannot wear armour.
You gain extra lives every three experience levels.


Message History

You kill the white ugly thing!
Trog accepts your kill. The slime creature hits you!
Two slime creatures merge to form a large slime creature.
You see here an ugly thing corpse.
You mangle the large slime creature!! You bite the large slime creature!
The large slime creature is moderately wounded.
You claw the large slime creature! You claw the large slime creature!!
You bite the large slime creature.
The large slime creature is severely wounded.
You barely miss the large slime creature.
The large slime creature is severely wounded.
You scratch the large slime creature.
The large slime creature is severely wounded.
Two slime creatures merge to form an enormous slime creature.
You claw the enormous slime creature!
The enormous slime creature is moderately wounded.
The enormous slime creature closely misses you.
Two slime creatures merge to form a titanic slime creature.
You claw the titanic slime creature! You bite the titanic slime creature!
The titanic slime creature is moderately wounded.
You claw the titanic slime creature!
The titanic slime creature is heavily wounded.
The purple ugly thing gurgles horribly!
You claw the titanic slime creature!
The titanic slime creature is heavily wounded.
You barely miss the titanic slime creature.
The titanic slime creature is heavily wounded.
You mangle the titanic slime creature!!
The titanic slime creature is heavily wounded.
You are no longer berserk.
You are exhausted.
You feel yourself slow down.
You scratch the titanic slime creature. You claw the titanic slime creature!
The titanic slime creature is severely wounded.
The titanic slime creature closely misses you.
The titanic slime creature attacks as you move away!
The titanic slime creature hits you!!!
Ouch! That really hurt!
You die...

#.............
#.......∩.?.#.
#.............
#...#.......#.
#...J.........
#....#.#.#...
##........... .
#####u.........
#.####..@J..........
#....#..###..).....#
#.#.......####.##
.....#..###### #..#
.######...### #.#
............## #.# .
..#..#.#....####.# ..
##.#.##.#...##.####
...
#.#.##.###.......##...


You could see a purple ugly thing and a titanic slime creature.

Vanquished Creatures
  Rupert (Lair:4)
  Jorgrun (D:12)
  A very ugly thing (D:14)
  Snorg (Lair:4)
  3 hydras
  2 centaur warriors
  An ogre mage (D:13)
  A catoblepas (Lair:3)
  8 two-headed ogres
  3 boulder beetles
  11 death yaks
  Urug (Lair:3)
  Nergalle (Lair:3)
  A deep elf knight (D:13)
  A sixfirhy (Lair:5)
  A skeletal warrior (D:13)
  2 wizards
  4 deep elf pyromancers
  Pikel (D:9)
  An orc knight (Bailey)
  2 cyclopes
  3 manticores
  8 ugly things (D:14)
  13 elephants
  8 cane toads
  3 black mambas
  3 centaur skeletons (D:13)
  An orange demon (Lair:5)
  6 rime drakes
  An unseen horror (D:12)
  4 yaktaurs (D:13)
  5 komodo dragons
  A kobold demonologist (D:12)
  5 trolls
  2 hornets
  A hellwing (Lair:5)
  A wind drake (Lair:3)
  2 polar bears
  16 blink frogs
  5 slime creatures
  A vampire (D:9)
  A shadow (D:10)
  32 yaks
  3 wyverns
  Eustachio (D:4)
  3 basilisks (Lair:5)
  2 vampire mosquitoes (D:11)
  A two-headed ogre zombie (D:10)
  4 swamp worms (Lair:1)
  4 hell hounds
  14 water moccasins
  5 orc warriors
  An ice beast (D:6)
  2 black bears
  5 ogres
  4 phantoms
  11 wolves
  6 centaurs
  A lemure (D:9)
  Blork the orc (D:5)
  9 bullfrogs
  2 kobold brigands (D:12)
  4 scorpions
  4 wights (D:10)
  A troll zombie (D:10)
  5 howler monkeys
  An electric eel (Lair:2)
  A crimson imp (D:9)
  A lava snake (D:13)
  5 orc priests
  7 hounds
  17 jellies
  3 iguanas
  10 orc wizards
  6 hell rats (Lair:5)
  A boggart skeleton (D:13)
  6 ogre zombies (D:10)
  11 gnolls
  8 adders
  2 white imps
  3 ufetubi (D:5)
  A worm (D:2)
  2 dart slugs
  49 orcs
  5 ball pythons
  7 endoplasms
  8 giant cockroaches
  7 goblins
  A hobgoblin (D:3)
  3 kobolds
  6 quokkas
  4 bats
  4 frilled lizards
  3 hobgoblin skeletons (D:10)
  A hobgoblin zombie (D:10)
  2 orc skeletons (D:10)
  19 orc zombies (D:10)
  4 rats
471 creatures vanquished.

Vanquished Creatures (collateral kills)
  A fire dragon (D:13)
  A black mamba (Lair:5)
  An elephant (Lair:5)
  An orange demon (Lair:5)
  3 ice devils (Lair:5)
  11 blink frogs
  5 yaks (Lair:5)
  A hell rat (Lair:5)
24 creatures vanquished.

Vanquished Creatures (others)
  18 fungi
  40 plants
58 creatures vanquished.

Grand Total: 553 creatures vanquished

Notes
Turn   | Place    | Note
-------+----------+-------------------------------------------
     0 | D:1      | MisterFreud the Felid Berserker began the quest for the
                  | Orb.
     0 | D:1      | Reached XP level 1. HP: 10/10 MP: 2/2
    43 | D:1      | Reached skill level 1 in Stealth
    53 | D:1      | Found Ezushueq's Book Shop.
   224 | D:1      | Reached XP level 2. HP: 14/14 MP: 3/3
   271 | D:1      | Reached skill level 2 in Stealth
  1142 | D:2      | Reached skill level 3 in Stealth
  1142 | D:2      | Reached XP level 3. HP: 17/17 MP: 4/4
  1182 | D:2      | Reached ** piety under Trog
  1802 | D:3      | Reached XP level 4. HP: 21/21 MP: 5/5
  1947 | D:3      | Reached skill level 4 in Stealth
  1960 | D:3      | Noticed a phantom
  1971 | D:3      | Killed a phantom
  1972 | D:3      | Reached skill level 5 in Stealth
  1972 | D:3      | Reached XP level 5. HP: 22/24 MP: 6/6
  2041 | D:3      | Found a burning altar of Makhleb.
  2312 | D:4      | Noticed Eustachio
  2329 | D:4      | Killed Eustachio
  2330 | D:4      | Reached skill level 6 in Stealth
  2330 | D:4      | Reached skill level 5 in Unarmed Combat
  2330 | D:4      | Gained mutation: You are covered in thick fur. (AC +2)
                  | [Felid growth]
  2330 | D:4      | Reached XP level 6. HP: 28/28 MP: 7/7
  2610 | D:4      | Found a transporter.
  2669 | D:4      | Found a transporter.
  2700 | D:4      | Found a staircase to the Ecumenical Temple.
  2786 | D:4      | Reached skill level 5 in Dodging
  3058 | D:4      | Reached XP level 7. HP: 26/31 MP: 8/8
  3213 | D:5      | Entered Level 5 of the Dungeon
  3766 | D:5      | Reached XP level 8. HP: 34/34 MP: 9/9
  3852 | D:5      | Reached *** piety under Trog
  4098 | D:5      | Reached skill level 10 in Dodging
  4192 | D:5      | Slain by an orc warrior
  4193 | D:5      | Reached XP level 7. HP: -1/46 MP: 8/8
  4323 | D:5      | Reached skill level 5 in Fighting
  4359 | D:5      | Noticed Blork the orc
  4368 | D:5      | Killed Blork the orc
  4369 | D:5      | Reached XP level 8. HP: 38/38 MP: 9/9
  4707 | D:6      | Reached skill level 7 in Stealth
  4775 | D:6      | Found Duylyroe's Lightly-Used Armoury.
  5403 | D:7      | Noticed a hornet
  5410 | D:7      | Killed a hornet
  5469 | D:7      | Found a shimmering altar of Xom.
  5469 | D:7      | Found a shimmering altar of Xom.
  5469 | D:7      | Found a shimmering altar of Xom.
  5470 | D:7      | Found a shimmering altar of Xom.
  5470 | D:7      | Found a shimmering altar of Xom.
  5470 | D:7      | Found a shimmering altar of Xom.
  5470 | D:7      | Found a shimmering altar of Xom.
  5471 | D:7      | Found a shimmering altar of Xom.
  5471 | D:7      | Found a shimmering altar of Xom.
  5606 | D:7      | Found a sacrificial altar of Ru.
  5620 | D:7      | Reached skill level 8 in Stealth
  5620 | D:7      | Reached XP level 9. HP: 41/41 MP: 10/10
  5765 | D:7      | Noticed a troll
  5771 | D:7      | Killed a troll
  5931 | D:7      | a yak changed into a queen bee
  5931 | D:7      | Noticed a queen bee (shapeshifter)
  5937 | D:7      | a queen bee changed into a salamander
  5937 | D:7      | Noticed a salamander (shapeshifter)
  6124 | D:8      | Reached **** piety under Trog
  6485 | D:8      | Found a hazy altar of Hepliaklqana.
  6485 | D:8      | Found a sparkling altar of Nemelex Xobeh.
  6493 | D:8      | Found a faded altar of an unknown god.
  6495 | D:8      | Found a faded altar of an unknown god.
  6497 | D:8      | Found an ornate altar of the Wu Jian Council.
  6561 | D:8      | Found Canu's Book Boutique.
  6624 | D:9      | Reached skill level 9 in Stealth
  6688 | D:9      | Noticed Pikel
  6729 | D:9      | Killed Pikel
  6865 | D:9      | Found a broken altar of Ashenzari.
  6874 | D:9      | Found a runed translucent gate.
  6874 | D:9      | Found a runed translucent gate.
  6874 | D:9      | Found a runed translucent gate.
  6880 | D:9      | Noticed an orb spider
  6881 | D:9      | Noticed a green ugly thing
  6882 | D:9      | Noticed a cyan ugly thing
  6883 | D:9      | Noticed a white ugly thing
  7027 | D:9      | Reached skill level 10 in Stealth
  7029 | D:9      | Noticed a centaur warrior
  7034 | D:9      | Killed a centaur warrior
  7035 | D:9      | Reached XP level 10. HP: 45/45 MP: 11/11
  7476 | D:9      | Noticed a wizard
  7487 | D:9      | Killed a wizard
  7488 | D:9      | Reached skill level 10 in Unarmed Combat
  7488 | D:9      | Reached skill level 1 in Evocations
  7588 | D:9      | Noticed a white ugly thing
  7591 | D:9      | Noticed a green ugly thing
  7592 | D:9      | an orb spider changed into a manticore
  7592 | D:9      | Noticed a manticore (glowing shapeshifter)
  7626 | D:10     | Entered Level 10 of the Dungeon
  7634 | D:10     | Found a staircase to the Orcish Mines.
  7710 | D:10     | Noticed a two-headed ogre
  7768 | D:10     | Found a flagged portal.
  7769 | D:10     | Noticed a boulder beetle
  7954 | D:10     | Killed a boulder beetle
  8076 | D:10     | Killed a two-headed ogre
  8077 | D:10     | Reached skill level 5 in Evocations
  8208 | Bailey   | Entered a bailey
  8246 | Bailey   | Reached ***** piety under Trog
  8360 | Bailey   | Noticed an orc knight
  8368 | Bailey   | Killed an orc knight
  8603 | D:10     | Reached XP level 11. HP: 40/48 MP: 12/12
  9248 | D:10     | Identified the amulet of Vahe Kai {Spirit Int+7}
  9339 | D:10     | Identified a scroll of acquirement
  9339 | D:10     | Acquired a manual of Stealth
  9410 | D:11     | Noticed a two-headed ogre
  9415 | D:11     | Killed a two-headed ogre
  9494 | D:11     | Noticed a two-headed ogre
  9501 | D:11     | Killed a two-headed ogre
  9502 | D:11     | Reached skill level 11 in Stealth
  9610 | D:11     | Reached skill level 12 in Stealth
  9657 | D:11     | Noticed a death yak
  9658 | D:11     | Noticed a death yak
  9659 | D:11     | Found a staircase to the Lair.
  9661 | D:11     | Noticed a death yak
  9662 | D:11     | Noticed a death yak
  9662 | D:11     | Noticed a death yak
  9663 | D:11     | Noticed a death yak
  9665 | D:11     | Noticed a death yak
  9687 | D:11     | Killed a death yak
  9688 | D:11     | Reached skill level 13 in Stealth
  9701 | D:11     | Killed a death yak
  9702 | D:11     | Reached skill level 14 in Stealth
  9702 | D:11     | Noticed a death yak
  9856 | D:11     | Killed a death yak
  9857 | D:11     | Reached skill level 15 in Stealth
  9867 | D:11     | Killed a death yak
  9868 | D:11     | Reached skill level 16 in Stealth
  9872 | D:11     | Killed a death yak
 10017 | D:12     | Noticed Jorgrun
 10022 | D:12     | Killed Jorgrun
 10023 | D:12     | Reached skill level 17 in Stealth
 10142 | D:12     | Gained mutation: Your thick and shaggy fur keeps you warm.
                  | (AC +3, rC+) [Felid growth]
 10142 | D:12     | Reached XP level 12. HP: 43/54 MP: 13/13
 10413 | D:12     | Noticed a centaur warrior
 10421 | D:12     | Killed a centaur warrior
 10427 | D:12     | Reached skill level 18 in Stealth
 10490 | D:12     | Noticed a boulder beetle
 10524 | D:12     | Killed a boulder beetle
 10641 | D:12     | Noticed a two-headed ogre
 10660 | D:12     | Killed a two-headed ogre
 10813 | D:12     | Reached skill level 19 in Stealth
 10813 | D:12     | Noticed a two-headed ogre
 10827 | D:12     | Killed a two-headed ogre
 11245 | D:11     | Killed a death yak
 11255 | D:11     | Killed a death yak
 11319 | D:11     | Killed a death yak
 11672 | D:11     | Reached skill level 20 in Stealth
 11855 | Lair:1   | Entered Level 1 of the Lair of Beasts
 13030 | Lair:1   | Reached skill level 10 in Fighting
 13623 | Lair:2   | HP: 3/87 [poisoned by a cane toad]
 13624 | Lair:2   | HP: 1/87 [poisoned by a cane toad]
 13625 | Lair:2   | Succumbed to a cane toad's poison
 13626 | Lair:2   | Reached XP level 11. HP: -1/81 MP: 12/12
 14171 | Lair:2   | Noticed a boulder beetle
 14176 | Lair:2   | Noticed a six-headed hydra
 14312 | Lair:2   | Killed a six-headed hydra
 14397 | Lair:2   | Killed a boulder beetle
 14398 | Lair:2   | Reached XP level 12. HP: 21/58 MP: 13/13
 14926 | Lair:3   | HP: 1/58 [polar bear (19)]
 15209 | Lair:3   | Found a staircase to the Shoals.
 15529 | Lair:3   | Found a hole to the Spider Nest.
 15563 | Lair:3   | Noticed Nergalle
 15570 | Lair:3   | Killed Nergalle
 15587 | Lair:3   | Noticed Urug
 15599 | Lair:3   | Killed Urug
 16329 | Lair:3   | Noticed a catoblepas
 16336 | Lair:3   | Killed a catoblepas
 16606 | Lair:4   | Noticed Rupert
 16620 | Lair:4   | Killed Rupert
 16621 | Lair:4   | Reached skill level 10 in Evocations
 16937 | Lair:4   | Noticed a death yak
 16937 | Lair:4   | Noticed a death yak
 16938 | Lair:4   | Noticed a death yak
 16940 | Lair:4   | Killed a death yak
 16941 | Lair:4   | Reached XP level 13. HP: 63/63 MP: 14/14
 16983 | Lair:4   | Found a dark tunnel.
 17000 | Volcano  | Entered a volcano
 17207 | Lair:4   | Noticed Snorg
 17227 | Lair:4   | Killed Snorg
 17331 | Lair:4   | Found a viscous altar of Jiyva.
 17332 | Lair:4   | Found a staircase to the Slime Pits.
 17355 | Lair:4   | Reached ****** piety under Trog
 17772 | Lair:5   | Entered Level 5 of the Lair of Beasts
 18562 | Lair:5   | Found a burning altar of Makhleb.
 18589 | Lair:5   | Slain by a sixfirhy
 18590 | Lair:5   | Reached XP level 12. HP: -2/91 MP: 13/13
 18818 | Lair:5   | Noticed a seven-headed hydra
 18938 | Lair:5   | Killed a seven-headed hydra
 18939 | Lair:5   | Reached XP level 13. HP: 33/64 MP: 14/14
 19813 | Lair:5   | Reached skill level 15 in Unarmed Combat
 19919 | Lair:5   | Found a gateway to Hell.
 19926 | Lair:5   | Identified the ring "Zoic" {rF+ Will+}
 20117 | D:13     | Found a shadowy altar of Dithmenos.
 20196 | D:13     | Found a gate to the Vaults.
 20856 | D:13     | Slain by a slime creature
 20857 | D:13     | Reached XP level 12. HP: -1/63 MP: 13/13
 21285 | D:13     | Noticed a fire dragon
 21295 | D:13     | Killed a fire dragon
 21574 | D:14     | Found a frozen archway.
 21574 | D:14     | Noticed a white very ugly thing
 21593 | D:14     | Killed a white very ugly thing
 21596 | D:14     | HP: 4/94 [red ugly thing (13)]
 22107 | D:14     | Reached XP level 13. HP: 67/67 MP: 14/14
 22190 | D:14     | Mangled by a titanic slime creature

Illustrated notes

Levels and vault maps discovered:
D:1:      giann_bridges, layout_basic, serial_shops,
          nicolae_shop_competitors_out_of_business, minivault_5
D:2:      layout_basic
D:3:      layout_rooms, old_standard_altar
D:4:      gammafunk_steamed_eel, layout_basic,
          minmay_temple_entry_enclosed_plants, serial_glass, glass_columns_a,
          glass_columns_a, uniq_eustachio
D:5:      minmay_bubble_buster, layout_basic, uniq_blork_the_orc
D:6:      layout_cave_pools, minmay_shop_damaged
D:7:      layout_loops_ring, xom_shifter_show, nicolae_overflow_hidden_temple
D:8:      layout_cave_pools, chequers_temple_overflow_minitemple, serial_shops,
          kennysheep_little_box, chequers_serial_rivers_micro_b,
          amcnicky_mini_rare_corridor_liquid
D:9:      minmay_cornered_nines, layout_irregular_city,
          mainiacjoe_overflow_concentric_impassable,
          ploomutoo_gammafunk_ghost_potion_laboratory, minmay_statues_item,
          lightli_wizard_tower, uniq_pikel
D:10:     layout_loops_cross, zombieorc2_lemuel, enter_bailey_1
D:11:     layout_basic, dpeg_lair_monsters, hangedman_decor_opposing
D:12:     layout_stronghold, uniq_jorgrun
D:13:     dragon1_lemuel, layout_cave_pools,
          hangedman_vaults_entry_quadrant_bands, grunt_dithmenos_smoke
D:14:     layout_rooms, serial_co_window_serial, co_window_paths_a,
          co_window_of_opportunity_a, co_window_of_opportunity_a,
          co_window_corner_a, co_window_paths_b, co_window_of_opportunity_c,
          co_window_of_opportunity_c, co_window_unsneaky_path_a,
          co_window_2corner, co_window_corner_b, co_window_corner_cb,
          co_window_sun, co_window_4corner_b, glass_columns_a,
          portal_ice_cave_entry_ugly_swarm, serial_bayou_pond_c, uniq_nessos,
          uniq_josephine
Lair:1:   layout_layer_cave, serial_rivers, chequers_serial_rivers_micro_e,
          chequers_serial_rivers_micro_a, chequers_serial_rivers_small_3,
          chequers_serial_rivers_room_a, st_stairs_6, worms_lemuel
Lair:2:   layout_cave_pods, grunt_megastairs_3, serial_bayou_shore_a
Lair:3:   layout_gridlike, minmay_shoals_entry_beasts,
          spider_nest_entry_web_field, grunt_megastairs_5, uniq_urug,
          uniq_nergalle
Lair:4:   layout_roguey, minmay_slime_entry_jelly_boxes,
          nicolae_volcano_entry_lava_flow, uniq_snorg, uniq_rupert
Lair:5:   evil_forest, layout_regular_city, chequers_serial_rivers_micro_b,
          lemuel_fruit_fields, grunt_megastairs_4

Skill      XL: |  1  2  3  4  5  6  7  8  9 10 11 12 13 |
---------------+----------------------------------------+-----
Stealth        | 1 3 5 6 8 10 17 20 | 20.0
Unarmed Combat | 4 5 6 7 9 10 14 15 | 15.0
Dodging        | 5 9 11 12 13 14 | 14.0
Fighting       | 5 6 7 14 13 | 14.2
Evocations     | 5 8 10 | 10.0

Action                     |  1- 3 |  4- 6 |  7- 9 | 10-12 | 13-15 || total
---------------------------+-------+-------+-------+-------+-------++-------
  Melee: Unarmed           |    92 |    69 |   306 |   897 |   405 ||  1769
         Punch             |     2 |     1 |    13 |    69 |    34 ||   119
         Bite              |     9 |     5 |    36 |   150 |    76 ||   276
 Invoke: Berserk           |       |     3 |    12 |    26 |     8 ||    49
         Trog's Hand       |       |       |     3 |     6 |     4 ||    13
         Brothers in Arms  |       |       |       |     4 |     3 ||     7
  Evoke: Wand              |       |       |       |     6 |       ||     6
         Condenser vane    |       |       |       |     1 |     1 ||     2
    Use: Scroll            |     7 |     4 |     8 |    19 |     1 ||    39
         Potion            |       |       |       |     7 |     2 ||     9
   Stab: Sleeping          |    12 |     5 |    14 |    49 |    27 ||   107
         Invisible         |       |       |       |     4 |       ||     4
         Paralysed         |       |       |       |     1 |       ||     1
         Distracted        |       |       |       |     6 |       ||     6
 Armour: Skin              |     8 |     6 |    25 |    64 |    43 ||   146
  Dodge: Dodged            |    54 |    45 |   262 |   850 |   431 ||  1642
